 Dungeon Crawl Stone Soup version 0.29-a0-330-g52719c12eb (webtiles) character file.

Game seed: 3706415880528314103

14973 Gwenloh the Unseen (level 11, 0/51 HPs)
             Began as a Spriggan Brigand on Apr 24, 2022.
             Was a Priest of Wu Jian.
             Slain by an elephant (9 damage)
             ... on level 3 of the Lair of Beasts on Apr 25, 2022.
             The game lasted 01:12:34 (16262 turns).

Gwenloh the Unseen (Spriggan Brigand)              Turns: 16262, Time: 01:12:35

Health: 0/51       AC: 10    Str:  7    XL:     11   Next: 95%
Magic:  33/33      EV: 28    Int: 21    God:    Wu Jian [***...]
Gold:   739        SH:  6    Dex: 22    Spells: 16/26 levels left

rFire   x . .      SeeInvis +   a - +7 dagger (protect)
rCold   + . .      Faith    .   i - +0 buckler
rNeg    + + .      Spirit   .   b - +0 robe
rPois   +          Reflect  .   (helmet restricted)
rElec   +          Harm     .   c - +0 cloak
rCorr   .          Rampage  .   (gloves unavailable)
Will    +....                   (boots unavailable)
Stlth   +++++++...              (no amulet)
HPRegen 0.17/turn               r - ring "Mixteud" {rElec Int+6 Dex+3 SInv}
MPRegen 0.23/turn               G - ring of Gieh {rPois rF- rC+ rN++ MP+9}

@: under a protective aura, very quick
A: very small, no large weapons, unfitting armour, see invisible, speed 3
a: Renounce Religion, Wall Jump, Serpent's Lash


You were on level 3 of the Lair of Beasts.
You worshipped Wu Jian.
Wu Jian was most pleased with you.
You visited 3 branches of the dungeon, and saw 12 of its levels.

You collected 739 gold pieces.

Inventory:

Hand Weapons
 a - a +7 dagger of protection (weapon)
Missiles
 d - 7 poisoned darts (quivered)
 e - 2 curare-tipped darts
 C - 2 boomerangs
 K - a throwing net
 O - 5 silver boomerangs
Armour
 b - a +0 robe (worn)
 c - a +0 cloak (worn)
 i - a +0 buckler (worn)
Jewellery
 r - the ring "Mixteud" (left hand) {rElec Int+6 Dex+3 SInv}
   (You acquired it on level 4 of the Dungeon)

   [ring of intelligence]

   Int:       It affects your intelligence (+6).
   Dex:       It affects your dexterity (+3).
   rElec:     It insulates you from electricity.
   SInv:      It lets you see invisible.
 A - a +6 ring of intelligence
 G - the ring of Gieh (right hand) {rPois rF- rC+ rN++ MP+9}
   (You found it on level 8 of the Dungeon)

   [ring of magical power]

   rF:        It makes you vulnerable to fire.
   rC:        It protects you from cold.
   rPois:     It protects you from poison.
   rN:        It greatly protects you from negative energy.
   MP:        It affects your magic capacity (+9).
 L - a ring of ice
Wands
 F - a wand of flame (5)
 H - a wand of mindburst (1)
 N - a wand of iceblast (4)
Scrolls
 f - 2 scrolls of immolation
 g - a scroll of silence
 h - a scroll of noise
 j - 5 scrolls of teleportation
 q - a scroll of holy word
 s - 3 scrolls of vulnerability
 y - a scroll of amnesia {unknown}
 z - a scroll of blinking
 D - a scroll of magic mapping
 E - a scroll of enchant armour
 M - a scroll of identify
Potions
 k - 5 potions of curing
 l - 10 potions of heal wounds
 m - a potion of brilliance {unknown}
 n - 2 potions of lignification {unknown}
 o - 3 potions of attraction {unknown}
 p - 3 potions of magic {unknown}
 t - a potion of might {unknown}
 u - 2 potions of degeneration {unknown}
 v - 2 potions of haste {unknown}
 w - 3 potions of flight {unknown}
 x - a potion of ambrosia {unknown}
 B - a potion of resistance {unknown}
 J - 2 potions of invisibility {unknown}
Miscellaneous
 I - a piece from Xom's chessboard (15/15)


   Skills:
 - Level 2.3 Fighting
 - Level 10.0 Short Blades
 - Level 2.0 Throwing
 * Level 12.6 Dodging
 * Level 15.7 Stealth
 + Level 8.1 Spellcasting
 * Level 9.9 Hexes


You had 16 spell levels left.
You knew the following spells:

 Your Spells              Type           Power      Damage    Failure   Level
a - Tukima's Dance        Hex            50%        N/A       1%          3
b - Cause Fear            Hex            25%        N/A       3%          4
c - Dazzling Flash        Conj/Hex       58%        N/A       7%          3

Your spell library contained the following spells:

 Spells                   Type           Power      Damage    Failure   Level
 Inner Flame              Hex/Fire       29%        N/A       7%          3
 Apportation              Tloc           16%        N/A       17%         1
 Foxfire                  Conj/Fire      32%        2x1d5     17%         1
 Sandblast                Erth           16%        2d6       17%         1
 Shock                    Conj/Air       32%        1d5       17%         1
 Summon Small Mammal      Summ           32%        N/A       17%         1
 Passwall                 Tmut/Erth      6%         N/A       26%         2
 Static Discharge         Conj/Air       8%         N/A       26%         2
 Conjure Flame            Conj/Fire      8%         6-21      45%         3
 Gell's Gravitas          Tloc           8%         N/A       45%         3
 Stone Arrow              Conj/Erth      16%        3d8       45%         3
 Teleport Other           Tloc           8%         N/A       45%         3
 Yara's Violent Unravell  Hex/Tmut       14%        3d7       54%         5
 Animate Armour           Summ/Erth      16%        N/A       86%         4
 Flame Wave               Conj/Fire      8%         2d5       86%         4
 Iskenderun's Mystic Bla  Conj/Tloc      8%         2d4       86%         4
 Passage of Golubria      Tloc           8%         N/A       86%         4
 Alistair's Intoxication  Tmut/Pois      5%         N/A       99%         5
 Dispersal                Tloc           4%         N/A       100%        6
 Starburst                Conj/Fire      4%         6d3       100%        6
 Dragon Form              Tmut           4%         N/A       100%        7
 Discord                  Hex            25%        N/A       100%        8
 Lehudib's Crystal Spear  Conj/Erth      4%         10d3      100%        8
 Dragon's Call            Summ           4%         N/A       100%        9


Dungeon Overview and Level Annotations

Branches:
Dungeon (8/15)             Temple (1/1) D:7            Lair (3/6) D:8
  Swamp: Lair:2-4    Shoals: Lair:2-4     Snake: Lair:2-4    Spider: Lair:2-4

Altars:
Ashenzari
Cheibriados
Dithmenos
Elyvilon
Fedhas
Gozag
Hepliaklqana
Kikubaaqudgha
Nemelex Xobeh
Okawaru
Qazlal
Ru
Sif Muna
Trog
Uskayaw
Vehumet
Wu Jian
Xom
Yredelemnul
Zin
The Shining One

Shops:
D:8 :

Annotations:
Lair:2 3 runed translucent doors, DrLatency's ghost, journeyman FeCK


Innate Abilities, Weirdness & Mutations

You are very small and have problems with some larger weapons.
You are too small for most types of armour.
You have supernaturally acute eyesight. (SInv)
You cover ground extremely quickly. (Speed+++)


Message History

The elephant is moderately wounded.
The elephant closely misses you. You block the elephant's attack.
You hit the elephant but do no damage.
The elephant is moderately wounded.
You hit the elephant.
The elephant is moderately wounded.
The elephant completely misses you.
The elephant trunk-slaps you but does no damage.
You hit the elephant.
The elephant is heavily wounded.
The elephant tramples you.
You stumble backwards!
You barely miss the elephant.
The elephant is heavily wounded.
You hit the elephant.
The elephant is heavily wounded.
You block the elephant's attack. The elephant trunk-slaps you.
You puncture the elephant!
The elephant is severely wounded.
You completely miss the elephant.
The elephant is severely wounded.
The elephant misses you. The elephant completely misses you.
You hit the elephant but do no damage.
The elephant is severely wounded.
The elephant tramples you!
You stumble backwards!
You hit the elephant.
The elephant is severely wounded.
You hit the elephant but do no damage.
The elephant is severely wounded.
The elephant misses you. The elephant barely misses you.
You hit the elephant but do no damage.
The elephant is severely wounded.
The elephant tramples you!
* * * LOW HITPOINT WARNING * * *
You stumble backwards!
You puncture the elephant!
The elephant is almost dead.
You hit the elephant but do no damage.
The elephant is almost dead.
The elephant tramples you!
You die...

....#..P#.#....##
.....#.P##......# #.
....P#.........##...
..........#......+
....##.[.......#P# ..
....#....##....### ....
......#####....# ##PP.#
....###.##.....######..P..#
.....(((.((....Y@.........#
..........................#
..........................#
..........................P
.######.##..#.............P
.#####.######..#.##..###..#
.##........##...###..#
..#........#...## #.##
.##........##..####.##


You could see an elephant (poisoned).

Vanquished Creatures
  A two-headed ogre (D:8)
  A faun (Lair:2)
  6 elephants
  3 black mambas
  2 cane toads
  A komodo dragon (Lair:3)
  2 polar bears
  A troll (D:8)
  A hornet (D:8)
  Grinder (D:4)
  8 blink frogs (Lair:2)
  Eustachio (D:4)
  A ynoxinul (D:8)
  2 basilisks
  A steam dragon (D:8)
  A yak (D:8)
  An acid dragon (D:8)
  A swamp worm (Lair:3)
  10 water moccasins
  An orc warrior (D:7)
  3 sky beasts
  2 ogres
  An ice beast (D:6)
  A black bear (Lair:3)
  A centaur (D:6)
  40 wolves
  2 kobold brigands (D:8)
  5 bullfrogs
  A necrophage (D:6)
  A gnoll sergeant (D:8)
  A scorpion (D:3)
  2 electric eels (Lair:1)
  2 howler monkeys
  2 jellies
  A gnoll shaman (D:6)
  An orc priest (D:7)
  4 hounds
  3 iguanas
  Ijyb (D:3)
  2 orc wizards
  Robin (D:3)
  11 gnolls
  4 adders
  A white imp (D:6)
  2 ufetubi (D:5)
  3 worms
  14 orcs
  3 bats
  5 endoplasms
  4 giant cockroaches
  13 goblins
  6 hobgoblins
  A quokka (D:4)
  7 ball pythons
  A frilled lizard (D:1)
  16 kobolds
  2 rats
216 creatures vanquished.

Vanquished Creatures (others)
  24 fungi
  39 plants
63 creatures vanquished.

Grand Total: 279 creatures vanquished

Notes
Turn   | Place    | Note
-------+----------+-------------------------------------------
     0 | D:1      | Gwenloh the Spriggan Brigand began the quest for the Orb.
     0 | D:1      | Reached XP level 1. HP: 10/10 MP: 2/2
   364 | D:1      | Reached skill level 6 in Stealth
   461 | D:1      | Reached XP level 2. HP: 13/15 MP: 3/3
  1592 | D:2      | Reached XP level 3. HP: 18/18 MP: 4/4
  1866 | D:3      | Found a faded altar of an unknown god.
  2147 | D:3      | Noticed Robin
  2187 | D:3      | Noticed a scorpion
  2288 | D:3      | Killed a scorpion
  2289 | D:3      | Reached skill level 1 in Spellcasting
  2289 | D:3      | Reached XP level 4. HP: 23/23 MP: 4/7
  2293 | D:3      | Learned a level 3 spell: Tukima's Dance
  2344 | D:3      | Killed Robin
  2392 | D:3      | Reached XP level 5. HP: 26/27 MP: 8/8
  2638 | D:4      | You fall into a shaft and drop 2 floors!
  2639 | D:6      | Noticed a centaur
  2969 | D:6      | Reached skill level 7 in Stealth
  3014 | D:5      | Entered Level 5 of the Dungeon
  3111 | D:5      | Noticed a sky beast
  3117 | D:5      | Killed a sky beast
  3118 | D:5      | Reached skill level 1 in Hexes
  3118 | D:5      | Reached XP level 6. HP: 31/31 MP: 8/10
  3123 | D:5      | Learned a level 4 spell: Cause Fear
  3272 | D:4      | Noticed Ijyb
  3276 | D:4      | Noticed Eustachio
  3279 | D:4      | Killed Eustachio
  3280 | D:4      | Reached skill level 8 in Stealth
  3403 | D:4      | Found a blossoming altar of Fedhas.
  3456 | D:3      | Killed Ijyb
  3623 | D:4      | Noticed Grinder
  3625 | D:4      | Killed Grinder
  3626 | D:4      | Reached skill level 5 in Dodging
  3626 | D:4      | Reached XP level 7. HP: 35/35 MP: 10/12
  3743 | D:4      | Reached skill level 5 in Short Blades
  3911 | D:4      | Reached skill level 9 in Stealth
  3925 | D:4      | Identified a scroll of acquirement
  3926 | D:4      | Acquired the ring "Mixteud" {rElec Int+6 Dex+3 SInv}
  4080 | D:5      | Found a radiant altar of Vehumet.
  4366 | D:5      | Reached XP level 8. HP: 35/39 MP: 12/14
  4400 | D:5      | Found a hazy altar of Hepliaklqana.
  4417 | D:5      | Found an ornate altar of the Wu Jian Council.
  4424 | D:5      | Found a white marble altar of Elyvilon.
  4447 | D:5      | Became a worshipper of the Wu Jian Council
  5974 | D:6      | Reached skill level 10 in Stealth
  6420 | D:7      | Found a staircase to the Ecumenical Temple.
  6433 | Temple   | Entered the Ecumenical Temple
  6721 | D:8      | Noticed a troll
  6730 | D:8      | Found a bloodstained altar of Trog.
  6931 | D:8      | Found Doeczeca's Self-Improvement Boutique.
  6937 | D:8      | Found a staircase to the Lair.
  7268 | D:8      | Found a broken altar of Ashenzari.
  7308 | D:8      | Reached XP level 9. HP: 39/43 MP: 16/16
  7418 | D:8      | Noticed a two-headed ogre
  7466 | D:8      | Reached skill level 11 in Stealth
  7504 | D:8      | Killed a two-headed ogre
  7505 | D:8      | Reached skill level 5 in Spellcasting
  7785 | D:8      | Found a shadowy altar of Dithmenos.
  7944 | D:8      | Identified the ring of Gieh {rPois rF- rC+ rN++ MP+9}
  8014 | D:8      | Reached * piety under Wu Jian
  8015 | D:8      | Reached skill level 5 in Hexes
  8064 | D:8      | Reached skill level 12 in Stealth
  8297 | D:8      | Killed a troll
  8414 | D:8      | Found a shimmering blue altar of Sif Muna.
  8418 | D:8      | Got Sif Muna's Papyrus of Feathers and Summoning
  8508 | Lair:1   | Entered Level 1 of the Lair of Beasts
  8508 | Lair:1   | Noticed a five-headed hydra
  8526 | Lair:1   | Noticed a cane toad
  8535 | Lair:1   | Noticed a komodo dragon
  8535 | Lair:1   | Noticed a polar bear
  8844 | Lair:1   | Noticed a cane toad
  8844 | Lair:1   | Noticed a cane toad
  8973 | D:8      | Killed a cane toad
  8974 | D:8      | Reached XP level 10. HP: 22/47 MP: 19/19
 11272 | Lair:1   | Reached skill level 10 in Dodging
 12321 | Lair:1   | Reached skill level 13 in Stealth
 12608 | Lair:2   | Noticed a cane toad
 12806 | Lair:2   | Found a runed translucent gate.
 12806 | Lair:2   | Found a runed translucent gate.
 12807 | Lair:2   | Found a runed translucent gate.
 12832 | Lair:2   | Noticed a black mamba
 12847 | Lair:2   | Noticed DrLatency's ghost (journeyman FeCK)
 12847 | Lair:2   | Noticed a faun
 12974 | Lair:2   | Killed a black mamba
 13016 | Lair:2   | Killed a faun
 13292 | Lair:2   | Reached ** piety under Wu Jian
 13310 | Lair:2   | Reached XP level 11. HP: 32/51 MP: 22/22
 13335 | Lair:2   | Reached skill level 14 in Stealth
 14304 | Lair:2   | Reached skill level 10 in Short Blades
 14975 | Lair:3   | Learned a level 3 spell: Dazzling Flash
 15123 | Lair:3   | Noticed a bog body
 15124 | Lair:3   | Reached *** piety under Wu Jian
 15250 | Lair:3   | Reached skill level 15 in Stealth
 16262 | Lair:3   | Slain by an elephant

Illustrated notes

Levels and vault maps discovered:
D:1:      mrwooster_arrival_statue, layout_basic, hex_intersection
D:2:      layout_loops_ring, kennysheep_nub, dreamdust_princess_corridor
D:3:      layout_loops_cross, shapermc_ecumenical_altar_notcrosses, uniq_robin
D:4:      layout_rooms, fedhas_ov_isle_minmay, uniq_grinder, uniq_ijyb,
          uniq_eustachio
D:5:      layout_basic, nicolae_overflow_crystal_walls,
          minmay_overflow_temple_star_quad, grunt_decor_cap
D:6:      layout_basic
D:7:      layout_rooms, minmay_temple_entry_grid
D:8:      layout_basic, nzn_overflow_gifts_of_might_and_magic,
          nicolae_dithmenos_shadow_blocks, mainiacjoe_overflow_24_doors,
          nicolae_shop_self_help
Temple:   minmay_temple_bridge_abc
Lair:1:   layout_hall_layers, serial_bayou_shore_a, infiniplex_staircase_pool_2
Lair:2:   layout_chaotic_city, ebering_ghost_rock_garden,
          grunt_forest_large_clearings
Lair:3:   layout_regular_city, nicolae_swamp_entry_splash_gauntlet,
          grunt_megastairs_5

Skill      XL: |  1  2  3  4  5  6  7  8  9 10 11 |
---------------+----------------------------------+-----
Stealth        | 6 7 8 9 10 12 13 15 | 15.7
Dodging        | 2 3 4 5 6 7 9 10 12 | 12.6
Fighting       | 2 |  2.3
Short Blades   | 3 4 5 6 8 9 10 | 10.0
Spellcasting   | 1 2 3 4 5 6 8 |  8.1
Hexes          | 1 2 3 4 5 7 9 |  9.9
Throwing       | |  2.0

Action                   |  1- 3 |  4- 6 |  7- 9 | 10-12 || total
-------------------------+-------+-------+-------+-------++-------
Melee: Dagger            |    85 |    44 |   332 |   790 ||  1251
Throw: Dart              |    20 |     9 |    93 |    78 ||   200
 Cast: Tukima's Dance    |       |       |     6 |       ||     6
       Cause Fear        |       |       |       |     5 ||     5
Invok: Lunge             |       |       |    28 |    56 ||    84
       Whirlwind         |       |       |     7 |    29 ||    36
       Serpent's Lash    |       |       |       |     1 ||     1
 Abil: Wall Jump         |       |       |       |     3 ||     3
Evoke: Wand              |       |       |    16 |    12 ||    28
  Use: Scroll            |     8 |     2 |     4 |     6 ||    20
 Stab: Sleeping          |    17 |     8 |    18 |     7 ||    50
       Distracted        |       |     1 |     1 |     2 ||     4
       Fleeing           |       |       |       |     1 ||     1
Armor: Robe              |     7 |     7 |    38 |    78 ||   130
Dodge: Dodged            |    27 |    19 |   183 |   595 ||   824
Block: Buckler           |    15 |     6 |    65 |   179 ||   265

Table legend: (Time is in decaauts)
 A = Elapsed time spent in this place.
 B = Non-inter-level travel time spent in this place.
 C = Inter-level travel time spent in this place.
 D = Time resting spent in this place.
 E = Time spent auto-exploring this place.
 F = Levels seen in this place.
 G = Mean time per level.
                   A        B        C        D        E       F      G
               +--------+--------+--------+--------+--------+-----+--------+
         Total |  12335 |  12022 |    313 |   2912 |   5568 |  12 | 1027.9 |
       Dungeon |   8386 |   8171 |    215 |   2086 |   3643 |   8 | 1048.2 |
        Temple |     37 |     24 |     13 |      0 |     19 |   1 |   37.0 |
          Lair |   3911 |   3827 |     84 |    825 |   1905 |   3 | 1303.7 |
               +--------+--------+--------+--------+--------+-----+--------+

Top non-repeatable levels by time:
     D:8: 3381 daAuts
  Lair:2: 1967 daAuts
     D:6: 1273 daAuts
  Lair:1: 1088 daAuts
  Lair:3: 855 daAuts
     D:5: 774 daAuts
     D:2: 741 daAuts
     D:3: 701 daAuts
     D:7: 616 daAuts
     D:1: 529 daAuts
     D:4: 368 daAuts
  Temple: 37 daAuts
